 Dungeon Crawl Stone Soup version 0.24-a0-434-gd57e52fea8 (webtiles) character file.

Game seed: 16827672861259001782

184 mhoghedin the Stinger (level 5, -2/38 HPs)
             Began as a Draconian Venom Mage on June 16, 2019.
             Killed by nerve-wracking pain
             ... invoked by Grinder
              (7 damage)
             ... while paralysed by Grinder
             ... on level 4 of the Dungeon.
             The game lasted 00:10:09 (3197 turns).

mhoghedin the Stinger (Draconian Venom Mage)        Turns: 3197, Time: 00:10:09

Health: -2/38      AC:  5    Str: 11    XL:     5   Next: 36%
Magic:  9/9        EV:  2    Int: 16    God:
Gold:   174        SH:  0    Dex: 11    Spells: 4/10 levels left

rFire    + . .     SeeInvis .   p - +3 quarterstaff (chaos)
rCold    . . .     Gourm    .   (shield currently unavailable)
rNeg     . . .     Faith    .   (armour unavailable)
rPois    .         Spirit   .   (helmet restricted)
rElec    .         Reflect  .   a - scarf {cloud immunity}
rCorr    +         Harm     .   (no gloves)
MR       .....                  (no boots)
Stlth    ++........             h - amulet of magic regeneration
HPRegen  0.12/turn              e - ring of resist corrosion
MPRegen  0.36/turn              g - ring of protection from fire {rF+, !d}

@: paralysed
A: unfitting armour, cold-blooded, AC +5
a: no special abilities


You were on level 4 of the Dungeon.
You were not hungry.

You visited 1 branch of the dungeon, and saw 4 of its levels.

You collected 174 gold pieces.

Inventory:

Hand Weapons
 p - a +3 quarterstaff of chaos (weapon)
   (You took it off Crazy Yiuf on level 3 of the Dungeon)
Armour
 a - a scarf of cloud immunity (worn)
   (You found it on level 3 of the Dungeon)
Jewellery
 e - a ring of resist corrosion (left hand)
   (You found it on level 1 of the Dungeon)
 g - a ring of protection from fire (right hand) {rF+, !d}
   (You found it on level 1 of the Dungeon)
 h - an amulet of magic regeneration (around neck)
   (You found it on level 2 of the Dungeon)
Wands
 i - a wand of random effects (15)
   (You took it off Robin on level 2 of the Dungeon)
Scrolls
 k - 3 scrolls of teleportation {unknown}
 l - a scroll of noise {unknown}
 m - 2 scrolls of enchant weapon
 n - a scroll of immolation {unknown}
 o - 2 scrolls of identify {unknown}
 s - a scroll of random uselessness {unknown}
Potions
 c - 3 potions of invisibility {unknown}
 d - 2 potions of curing
 f - 2 potions of lignification {unknown}
 j - a potion of flight {unknown}
 q - a potion of haste {unknown}
 r - a potion of heal wounds {unknown}
Comestibles
 b - 8 rations


   Skills:
 - Level 1.7 Dodging
 - Level 1.7 Stealth
 + Level 3.0 Spellcasting
 - Level 1.6 Conjurations
 - Level 2.1 Air Magic
 + Level 4.8 Poison Magic


You had 4 spell levels left.
You knew the following spells:

 Your Spells              Type           Power        Failure   Level  Hunger
a - Sting                 Conj/Pois      ##..         4%          1    #......
b - Poisonous Vapours     Pois/Air       ##....       7%          2    ##.....
x - Mephitic Cloud        Conj/Pois/Air  ##......     17%         3    ###....

Your spell library contained the following spells:

 Spells                   Type           Power        Failure   Level  Hunger
 Olgreb's Toxic Radiance  Pois           ###.....     26%         4    #####..
 Venom Bolt               Conj/Pois      ##........   80%         5    ######.


Dungeon Overview and Level Annotations

Branches:
Dungeon (4/15)
 Temple: D:4-7

Altars:
Zin

Annotations:
D:4 Grinder


Innate Abilities, Weirdness & Mutations

Your plain brown scales are hard. (AC +5)
You cannot fit into any form of body armour.
You are cold-blooded and may be slowed by cold attacks.


Message History

You see here a hand axe.
Some of the chunks of flesh in your inventory have rotted away.
You see here 14 poisoned darts.
A bat comes into view.
Health restored: 38 A bat is nearby!
Found a glowing silver altar of Zin.
The bat hits you but does no damage. The bat misses you.
The bat closely misses you.
You thump the bat!
You kill the bat!
Your Spellcasting skill increases to level 3!
No target in view!
No target in view!
No target in view!
No target in view!
No target in view!
No target in view!
No target in view!
No target in view!
No target in view!
No target in view!
Some of the chunks of flesh in your inventory have rotted away.
r - a viscous puce potion Eating a chunk of flesh {@w0}.
You eat the chunk of flesh {@w0}.
There is an open door here.
There is an open door here.
You see here a robe.
You see here a dagger.
You see here a hand axe.
You see here 26 bolts.
l - a scroll labeled TURORI UKKUQ You now have 174 gold pieces (gained 11).
Done exploring.
Done exploring.
Done exploring.
Done exploring.
(D) Dungeon
Where to? (Enter - D:3, ? - help)
You see here 26 bolts.
There is a stone staircase leading down here.
You climb downwards.
There is a stone staircase leading up here.
You open the door.
There is an open door here.
There is an open door here.
You open the door.
There is an open door here.
You open the door.
There is an open door here.
You open the door.
There is an open door here.
s - a scroll labeled IKLETE ZUXALISK You open the door.
There is an open door here.
You open the door.
There is an open door here.
Grinder comes into view.
Grinder shouts!
Aim: Grinder Grinder resists with some effort.
Aim: Grinder Grinder seems to speed up.
Aim: Grinder (fast)
The bolt of poison hits Grinder.
Grinder gestures at you. Pain shoots through your body!
You take 11 damage, and have 27/38 hp.
MASSIVE DAMAGE!!
Aim: Grinder (lightly wounded, fast) Grinder resists with significant effort.
Okay, then.
Unknown command.
Okay, then.
Unknown command.
You closely miss Grinder. Grinder closely misses you. Grinder misses you.
You barely miss Grinder. Grinder barely misses you. Grinder gestures at you.
Pain shoots through your body!
You take 11 damage, and have 16/38 hp.
MASSIVE DAMAGE!!
It was a potion of curing.
You feel better. Grinder barely misses you.
You regained 9 hp, and now have 25/38 hp.
Grinder gestures at you. Pain shoots through your body!
You take 9 damage, and have 16/38 hp.
MASSIVE DAMAGE!!
There is an open door here.
Grinder gestures at you.
You suddenly lose the ability to move!
Grinder hits you but does no damage. x2
Grinder gestures at you. Pain shoots through your body!
* * * LOW HITPOINT WARNING * * *
Grinder gestures at you. Pain shoots through your body!
* * * LOW HITPOINT WARNING * * *
Grinder gestures at you. Pain shoots through your body!
You die...

#....# . ##....##+#..
#...........
#...........
#...........
#...............##+##
#....########........
#....#...#..#........
+....5@..'..#........
#....#...#..#........
#....#...#..#........
#....#..###+#........
....###..##....#+##
.....#.....'....#..#
.....#.....#....'..+
.....#+#####....#..#
............###..#


You could see Grinder.

Vanquished Creatures
  Crazy Yiuf (D:3)
  Natasha (D:2)
  Robin (D:2)
  2 adders
  4 oozes
  2 worms
  2 dart slugs
  2 leopard geckos
  4 orcs (D:3)
  6 bats
  5 giant cockroaches
  11 goblins
  12 hobgoblins
  2 kobolds
  4 quokkas
  A ball python (D:2)
  2 frilled lizards
  5 rats
67 creatures vanquished.

Notes
Turn   | Place    | Note
-------+----------+-------------------------------------------
     0 | D:1      | mhoghedin the Draconian Venom Mage began the quest for the
                  | Orb.
     0 | D:1      | Reached XP level 1. HP: 14/14 MP: 3/3
   221 | D:1      | Reached XP level 2. HP: 14/20 MP: 0/5
   323 | D:1      | Learned a level 2 spell: Poisonous Vapours
   519 | D:1      | Reached skill level 1 in Air Magic
   675 | D:1      | Reached XP level 3. HP: 26/26 MP: 4/6
   906 | D:2      | Noticed Robin
   917 | D:2      | Killed Robin
  1146 | D:2      | Learned a level 3 spell: Mephitic Cloud
  1160 | D:2      | Reached skill level 4 in Poison Magic
  1283 | D:2      | Reached skill level 2 in Air Magic
  1677 | D:2      | Reached XP level 4. HP: 33/33 MP: 7/7
  1865 | D:2      | Noticed Natasha
  1868 | D:2      | Killed Natasha
  2248 | D:3      | Found a runed translucent door.
  2249 | D:3      | Noticed Crazy Yiuf
  2258 | D:3      | Killed Crazy Yiuf
  2258 | D:3      | Reached XP level 5. HP: 36/38 MP: 2/9
  2860 | D:3      | Found a glowing silver altar of Zin.
  2866 | D:3      | Reached skill level 3 in Spellcasting
  3183 | D:4      | Noticed Grinder
  3193 | D:4      | Paralysed by Grinder for 5 turns
  3196 | D:4      | HP: 4/38 [Grinder/nerve-wracking pain (6)]
  3197 | D:4      | Killed from afar by Grinder

Levels and vault maps discovered:
D:1:      lightli_arrival_chessboard, layout_rooms
D:2:      layout_loops_corners, minivault_5, uniq_natasha, uniq_robin
D:3:      layout_loops_ring, lemuel_coloured_pillars_altar, first_ration,
          minivault_5, minmay_quadrilaterals, uniq_crazy_yiuf_cottage
D:4:      layout_gridville, uniq_grinder, uniq_blork_the_orc

Skill      XL: |  1  2  3  4  5 |
---------------+----------------+-----
Air Magic      | 1 2 |  2.1
Poison Magic   | 4 |  4.8
Spellcasting   | 3 |  3.0
Dodging        | |  1.7
Stealth        | |  1.7
Conjurations   | |  1.6

Action                   |  1- 3 |  4- 6 || total
-------------------------+-------+-------++-------
Melee: Whip              |    54 |    10 ||    64
       Tailslap          |     4 |     2 ||     6
       Quarterstaff      |       |    14 ||    14
 Cast: Sting             |    55 |    47 ||   102
       Poisonous Vapours |     7 |     8 ||    15
Evoke: Wand              |       |     4 ||     4
  Use: Scroll            |       |     1 ||     1
       Potion            |       |     1 ||     1
 Stab: Paralysed         |       |     2 ||     2
  Eat: Chunk             |     3 |     6 ||     9
Armor: Skin              |    16 |    10 ||    26
Dodge: Dodged            |    43 |    27 ||    70

Table legend:
 A = Non-vault XP
 B = Vault XP
 C = Vault XP percentage of total XP
 D = Non-vault monster count
 E = Vault monster count
 F = Vault count percentage of total count
                 A         B        C        D         E       F
            +---------+---------+-------+---------+---------+-------
      Total |     136 |     128 |  48.5 |      45 |      22 |  32.8
            +---------+---------+-------+---------+---------+-------
        D:1 |      44 |       0 |   0.0 |      19 |       0 |   0.0
        D:2 |      48 |      74 |  60.7 |      15 |      14 |  48.3
        D:3 |      44 |      54 |  55.1 |      11 |       8 |  42.1
            +---------+---------+-------+---------+---------+-------

Levels and vault maps discovered:
D:1:      lightli_arrival_chessboard, layout_rooms
D:2:      layout_loops_corners, minivault_5, uniq_natasha, uniq_robin
D:3:      layout_loops_ring, lemuel_coloured_pillars_altar, first_ration,
          minivault_5, minmay_quadrilaterals, uniq_crazy_yiuf_cottage
D:4:      layout_gridville, uniq_grinder, uniq_blork_the_orc

Table legend:
 A = Turns spent in this place as a percentage of turns spent in the entire game.
 B = Non-inter-level travel turns spent in this place as a percentage of non-inter-level travel turns spent in the entire game.
 C = Inter-level travel turns spent in this place as a percentage of turns spent in this place.
 D = Turns resting spent in this place as a percentage of non-inter-level travel turns spent in this place.
 E = Turns spent auto-exploring this place as a percentage of non-inter-level travel turns spent in this place.
 F = Non-inter-level travel turns spent in this place divided by the number of levels of this place that you've seen.
                   A       B       C       D       E      F
               +-------+-------+-------+-------+-------+----------------------
         Total | 100.0 | 100.0 |   2.5 |  29.9 |  52.1 | 779.5
       Dungeon | 100.0 | 100.0 |   2.5 |  29.9 |  52.1 | 779.5
               +-------+-------+-------+-------+-------+----------------------

Table legend:
 A = Kills in this place as a percentage of kills in entire the game.
 B = Kills by you in this place as a percentage of kills by you in the entire game.
 C = Kills by friends in this place as a percentage of kills by friends in the entire game.
 D = Other kills in this place as a percentage of other kills in the entire game.
 E = Experience gained in this place as a percentage of experience gained in the entire game.
 F = Experience gained in this place divided by the number of levels of this place that you have seen.
                   A       B       C       D       E      F
               +-------+-------+-------+-------+-------+----------------------
         Total | 100.0 | 100.0 |   N/A |   N/A | 100.0 |  66.0
       Dungeon | 100.0 | 100.0 |   N/A |   N/A | 100.0 |  66.0
               +-------+-------+-------+-------+-------+----------------------
